cohdb
Replays
Latest Replays
All Replays
Popular Replays
Top Player Replays
Match Explorer
How It Works
Community
CoH3 Stats
Reddit
Sign in to upload your games and track your stats! →
Sign in with Steam
Match 43667841
Unlisted
Match 43667841
Overview
Messages
Build Orders
End
Kradschützen Motorcycle Team
Panzergrenadier Squad
Panzergrenadier Squad
Panzergrenadier Squad
Construct Light Support Kompanie
Fire Support Elements
Flakvierling Half-track
Vehicle Survival Package
2.5-tonne Medical Truck
Panzerjäger Mechanized Group
Veteran Squad Leaders
Tungsten Core Ammunition
Selects Italian Infantry
Selects Defensive Operations
Selects Prepared Positions
Construct Panzerarmee Kommand
Emergency Repair Kits
Advanced Optics
Rapid Advance
Armored Reserves
Advanced Field Repairs
Combat Half-tracks
Kradschützen Motorcycle Team
Selects Propaganda War
Selects Guastatori Squad
Selects Registered Artillery
Selects Guastatori Squad
Selects Registered Artillery
Selects Towed Cannone da 105/28 Field Howitzer
Towed Cannone da 105/28 Field Howitzer
Selects Propaganda War
Selects Propaganda War
Tiger Heavy Tank
cvvl
只愛❤毛妹
0
0
Comments
sign in to comment!
No comments posted yet!